Map: Automaton LE

Players

Subwaymaker

  • Race: Protoss Protoss
  • League: Gold
  • Spawn Location: 9:00

Mesrob - Winner!

  • Race: Terran Terran
  • League: Platinum
  • Spawn Location: 3:00

VOD

Have the link to the VOD?

Description

Time

  • Played on: March 17, 2019, 9:39 p.m.
  • Length: 4:51
Show
View Real Time Build Order
Export as new Build Order

Subwaymaker Protoss 

Build Orders: 1 Gate Expand 

Get SALT Encoding   

  12  0:01  Probe  
  13  0:13  Probe  
  14  0:20  Pylon  
  14  0:28  Probe  
  15  0:40  Probe  
  16  0:44  Gateway  
  16  1:07  Pylon  
  16  1:21  Probe  
  16  1:23  Nexus  
  17  1:30  Probe, Zealot  
  19  1:47  Gateway  
  19  1:53  Assimilator  
  19  2:00  Zealot  
  21  2:19  Zealot  
  21  2:20  Cybernetics Core  
  21  2:22  Pylon  
  14  3:19  Probe  
  15  3:27  Probe  
  14  3:37  Probe  
  3  3:48  Probe  
  4  3:56  Probe  
  5  4:04  Probe  
  6  4:15  Probe  
  7  4:20  Shield Battery  
  7  4:27  Probe  
Show
View Real Time Build Order
Export as new Build Order

Mesrob Terran - Winner!

Build Orders:  

Get SALT Encoding   

  12  0:00  SCV  
  13  0:12  SCV  
  14  0:19  Supply Depot  
  14  0:25  SCV  
  15  0:40  SCV  
  16  0:43  Barracks  
  16  0:52  SCV  
  17  0:57  Refinery  
  17  1:00  Refinery  
  17  1:37  Marine  
  18  1:40  Orbital Command  
  18  2:00  Marine  
  19  2:01  Barracks  
  19  2:09  SCV  
  20  2:21  SCV  
  21  2:24  Factory, Barracks Tech Lab  
  16  3:07  Marine x2  
  16  3:10  Hellion  
  7  3:31  Hellion  
  9  4:09  Marine  
Tags
 
Matchup
PvT
Replay Pack
sc2 replays
Spawn Locations
Cross Positions
Add a new tag
Caveats
  • Supply blocks, unpowered buildings, or Contaminate may cause inaccurate times.
  • Supply counts are checked every 10 seconds.